 Dungeon Crawl Stone Soup version 0.32-a0-612-g1c984fe9d1 (webtiles) character file.

Game seed: 11012821231188193089

12815 ezpacito the Chopper (level 11, -1/86 HPs)
             Began as a Coglin Chaos Knight on Mar 4, 2024.
             Was a Plaything of Xom.
             Slain by a skeletal warrior
             ... wielding a +0 mace
              (11 damage)
             ... on level 10 of the Dungeon.
             The game lasted 00:23:53 (8975 turns).

ezpacito the Chopper (Coglin Chaos Knight)          Turns: 8975, Time: 00:23:55

Health: -1/86      AC: 16    Str: 19    XL:     11   Next: 99%
Magic:  17/17      EV: 15    Int: 19    God:    Xom [....*.]
Gold:   1814       SH:  0    Dex: 13    Spells: 0/18 levels left

rFire   + . .        v - +4 demon trident (venom) {Imanvir}
rCold   . . .        a - +1 hand axe (chaos) {Deepnoor}
rNeg    . . .        p - +2 leather armour of Resilience {+Blink rPois Str+2}
rPois   +            r - +2 hat
rElec   .            M - +1 cloak {Will+}
rCorr   .            y - +2 pair of gloves of Yrchout {Regen+ Str+3 Stlth+}
SInv    .            b - +0 pair of boots
Will    +....        (amulet unavailable)
Stlth   ++++         (ring unavailable)
HPRegen 1.14/turn    (ring unavailable)
MPRegen 0.15/turn    (no gizmo)

%: no passive effects
@: about to teleport, cleaving, studying Dodging, revved
A: off-hand wielding, slow wielding, warmup strikes, no jewellery, horns 1,
iridescent scales 1, clever 2, fire resistance 1, poison resistance, inability
to drink after injury 1, sturdy frame 1
a: Invent Gizmo, Renounce Religion, Evoke Blink


You were on level 10 of the Dungeon.
You worshipped Xom.
You were a beloved toy of Xom.
You visited 1 branch of the dungeon, and saw 11 of its levels.
You also visited: Sewer, Ossuary and Bailey.

You collected 1814 gold pieces.

Inventory:

Hand Weapons
 a - a +1 hand axe of chaos (offhand) {Deepnoor}
 e - a +1 dagger of chaos {Tenoch}
 v - a +4 demon trident of venom (weapon) {Imanvir}
 z - a +4 hand axe
 L - a +0 broad axe
Missiles
 m - 11 javelins (quivered)
 D - a curare-tipped dart
 F - 4 boomerangs
 G - 10 poisoned darts
Armour
 b - a +0 pair of boots (worn)
 k - a +0 plate armour
 p - the +2 leather armour of Resilience (worn) {+Blink rPois Str+2}
   (You found it on level 5 of the Dungeon)

   Str+2:     It affects your strength (+2).
   rPois:     It protects you from poison.
   +Blink:    It lets you blink.
 r - a +2 hat (worn)
 y - the +2 pair of gloves of Yrchout (worn) {Regen+ Str+3 Stlth+}
   (You found it on level 5 of the Dungeon)

   Str+3:     It affects your strength (+3).
   Regen+:    It increases your rate of health regeneration.
   Stlth+:    It makes you more stealthy.
 M - a +1 cloak of willpower (worn)
Magical Staves
 d - a staff of earth
Talismans
 J - a maw talisman
Wands
 c - a wand of charming (30)
 x - a wand of flame (18)
 A - a wand of mindburst (10)
 I - a wand of roots (5)
Scrolls
 g - a scroll of fear
 h - a scroll of revelation
 i - 3 scrolls of identify
 j - a scroll of immolation
 t - a scroll of teleportation
 B - 2 scrolls of vulnerability
 C - 2 scrolls of silence
Potions
 f - a potion of enlightenment
 l - 3 potions of heal wounds
 o - a potion of ambrosia
 q - 3 potions of curing
 s - 3 potions of cancellation
 u - 2 potions of brilliance
 w - a potion of magic
 H - a potion of lignification


   Skills:
 * Level 7.8 Fighting
 * Level 7.8(8.8) Axes
 * Level 5.6(7.3) Polearms
 * Level 6.9 Armour
 * Level 7.4 Dodging
 + Level 4.8 Stealth
 + Level 4.2 Spellcasting
 + Level 1.4 Summonings
 + Level 1.7 Necromancy
 + Level 1.7 Translocations
 + Level 3.2 Alchemy
 + Level 6.5 Evocations


You couldn't memorise any spells.
You knew the following spells:

 Your Spells              Type           Power      Damage    Failure   Level
a - Cigotuvi's Dreadful   Necr/Alch/Air  20%        N/A       11%         2
b - Blink                 Tloc           20%        N/A       11%         2
c - Magic Dart            Conj           16%        1d3       14%         1
d - Call Imp              Summ           18%        N/A       12%         2
e - Dispel Undead         Necr           10%        3d9       56%         4
f - Tukima's Dance        Hex            4%         N/A       38%         3
g - Martyr's Knell        Necr/Summ      10%        N/A       56%         4

Your spell library contained the following spells:

 Spells                   Type           Power      Damage    Failure   Level
 Lesser Beckoning         Tloc           20%        N/A       11%         2
 Momentum Strike          Conj/Tloc      14%        3d8       14%         2
 Static Discharge         Conj/Air       8%         3-4/arc   22%         2
 Call Canine Familiar     Summ           9%         N/A       22%         3
 Summon Ice Beast         Ice/Summ       6%         N/A       30%         3
 Frozen Ramparts          Ice            8%         1d2       38%         3
 Ozocubu's Armour         Ice            4%         N/A       38%         3
 Sigil of Binding         Hex            4%         N/A       38%         3
 Leda's Liquefaction      Alch/Erth      5%         N/A       56%         4
 Petrify                  Alch/Erth      10%        N/A       56%         4
 Dimensional Bullseye     Hex/Tloc       3%         N/A       67%         4
 Summon Lightning Spire   Summ/Air       6%         N/A       71%         4
 Airstrike                Air            2%         2d(1-17)  80%         4
 Metabolic Englaciation   Hex/Ice        2%         N/A       98%         5
 Death Channel            Necr           5%         N/A       100%        6


Dungeon Overview and Level Annotations

Branches:
Dungeon (11/15)            Temple (0/1) D:5            Lair (0/5) D:11
  Sewer (visited)         Ossuary (visited)          Bailey (visited)
    Orc: D:9-12

Altars:
Ashenzari
Dithmenos
Elyvilon
Gozag
Kikubaaqudgha
Xom

Shops:
D:1 [   D:2 :

Portals:
Trove: D:10 (give 19 potions of curing)

Annotations:
D:10 4 transporters


Innate Abilities, Weirdness & Mutations

You can wield a second weapon in your off-hand.
It takes a long time for you to wield or remove held weapons.
Your first few attacks do less damage.
You cannot equip rings or amulets.
You have a pair of small horns on your head.
You are partially covered in iridescent scales. (AC +2)
Your mind is very acute. (Int +8, Str/Dex -2)
Your flesh is heat resistant. (rF+)
Your system is resistant to poisons. (rPois)
You occasionally lose the ability to drink potions when taking damage.
Your movements are slightly less encumbered by armour. (ER -2)


Message History

You miss the skeletal warrior with your +4 demon trident of venom.
The skeletal warrior completely misses you.
The skeletal warrior hits you with a +0 battleaxe!
You take 10 damage, and have 58/86 hp.
You hit the skeletal warrior but do no damage.
Your headbutt misses the skeletal warrior.
The skeletal warrior is lightly damaged.
You hit the skeletal warrior but do no damage.
You hit the skeletal warrior with your +4 demon trident of venom.
You feel less confused. The skeletal warrior barely misses you.
The skeletal warrior hits you with a +0 battleaxe.
You take 1 damage, and have 57/86 hp.
You hit the skeletal warrior with your +1 hand axe of chaos.
You burn the skeletal warrior.
Your headbutt misses the skeletal warrior.
The skeletal warrior is lightly damaged.
You hit the skeletal warrior but do no damage.
You hit the skeletal warrior with your +4 demon trident of venom. "Go forth and cause havoc, mortal!"
Your +4 demon trident of venom {Imanvir} looks sharp.
The skeletal warrior barely misses you.
The skeletal warrior hits you with a +0 battleaxe.
You take 4 damage, and have 53/86 hp.
You hit the skeletal warrior with your +1 hand axe of chaos.
You freeze the skeletal warrior.
The skeletal warrior is moderately damaged.
You closely miss the skeletal warrior with your +1 hand axe of chaos.
You impale the skeletal warrior with your +4 demon trident of venom!!
You hit the skeletal warrior but do no damage.
The skeletal warrior hits you with a +0 mace!!
The skeletal warrior hits you with a +0 battleaxe!!
* * * LOW HITPOINT WARNING * * *
You take 45 damage, and have 8/86 hp.
MASSIVE DAMAGE!!
Okay, then.
As you read the scroll of teleportation, it crumbles to dust.
You feel strangely unstable.
The skeletal warrior hits you with a +0 mace!
You die...
Xom giggles madly!

..........#
..........######
...............#
.).............#
.).#######.....# ####
#.....# ###
####....######
..######.......[.§..#
#......#.....<..@§..#
######.........§zz..#
#.........#.........#
#.......)........####
####...#....#.##.######
####..................##
ß........#...z.........##
.....####....>.........)#
©..[.##.....)...........#


You could see 2 skeletal warriors.

Vanquished Creatures
  A boulder beetle (D:11)
  A two-headed ogre (D:10)
  Urug (D:10)
  A skeletal warrior (D:10)
  Pikel (D:6)
  2 orc knights (Bailey)
  An orc sorcerer (Bailey)
  A kobold demonologist (Bailey)
  Grinder (Sewer)
  3 hornets
  Sigmund (D:5)
  A wraith (D:10)
  7 yaks (D:9)
  A steam dragon (D:6)
  11 orc warriors
  An ice beast (D:5)
  3 sky beasts
  A black bear (D:6)
  3 ogres
  3 centaurs
  3 lemures (D:6)
  3 kobold brigands
  3 phantoms
  4 bullfrogs
  4 scorpions
  4 wights
  14 killer bees
  6 howler monkeys
  2 electric eels (Bailey)
  4 crimson imps (D:3)
  4 bombardier beetles
  2 jellies
  2 hounds
  6 orc priests
  Crazy Yiuf (D:3)
  A sleepcap (D:6)
  Natasha (D:4)
  2 iguanas (D:5)
  5 orc wizards
  8 mummies (Ossuary)
  13 adders
  13 gnolls
  3 shadow imps
  2 ufetubi (D:5)
  A ribbon worm (D:4)
  50 orcs
  3 ball pythons
  5 endoplasms
  9 giant cockroaches
  4 gnoll zombies (Ossuary)
  9 hobgoblins
  2 quokkas
  4 bats
  6 frilled lizards
  9 goblins
  A hobgoblin zombie (Ossuary)
  33 kobolds
  5 kobold zombies
  2 orc zombies (Ossuary)
  5 rats
303 creatures vanquished.

Vanquished Creatures (collateral kills)
  Fannar (D:10)
  A centaur (D:10)
  3 wights (D:10)
  2 killer bees (D:9)
  2 electric eels (Bailey)
  2 gnolls (D:5)
  4 orcs (D:9)
15 creatures vanquished.

Vanquished Creatures (others)
  A lemure (D:6)
  2 gnolls (Bailey)
  2 goblins (Bailey)
  A hobgoblin (Bailey)
6 creatures vanquished.

Grand Total: 324 creatures vanquished

Notes
Turn   | Place    | Note
-------+----------+-------------------------------------------
     0 | D:1      | ezpacito the Coglin Chaos Knight began the quest for the
                  | Orb.
     0 | D:1      | Reached XP level 1. HP: 18/18 MP: 1/1
   111 | D:1      | Reached skill level 1 in Dodging
   271 | D:1      | Reached XP level 2. HP: 22/24 MP: 2/2
   446 | D:1      | Found Deqataog's Antique Armour Shop.
   700 | D:2      | Found Hekint Enun's Book Shoppe.
   714 | D:2      | XOM: give mutation
   714 | D:2      | Gained mutation: You possess an exceptional clarity of
                  | mind. [Xom's grace]
   723 | D:2      | Reached XP level 3. HP: 29/29 MP: 3/3
   750 | D:2      | XOM: 4-stop teleportation journey
   753 | D:2      | XOM: 2-stop teleportation journey
   865 | D:2      | XOM: give mutations
   865 | D:2      | Gained mutation: Your body sometimes deteriorates upon
                  | taking damage. [Xom's mischief]
   865 | D:2      | Gained mutation: You are vulnerable to heat. (rF-) [Xom's
                  | mischief]
   865 | D:2      | Gained mutation: You are covered in fur. (AC +1) [Xom's
                  | mischief]
   865 | D:2      | Gained mutation: You have a pair of small horns on your
                  | head. [Xom's mischief]
   866 | D:2      | XOM: smoke on damage
   940 | D:2      | Found a shadowy altar of Dithmenos.
  1025 | D:2      | XOM: god gift: wand of charming (6)
  1081 | D:2      | XOM: enchant monster (good)
  1085 | D:2      | Reached XP level 4. HP: 29/35 MP: 5/5
  1328 | D:2      | XOM: scenery: summon butterflies
  1371 | D:2      | XOM: give mutation
  1371 | D:2      | Gained mutation: You are partially covered in iridescent
                  | scales. (AC +2) [Xom's grace]
  1473 | D:3      | XOM: enchant monster (good)
  1478 | D:3      | Reached skill level 1 in Stealth
  1483 | D:3      | Reached XP level 5. HP: 39/41 MP: 6/6
  1493 | D:3      | Reached skill level 1 in Polearms
  1527 | D:3      | Noticed a phantom
  1532 | D:3      | Reached skill level 1 in Spellcasting
  1534 | D:3      | Killed a phantom
  1535 | D:3      | Reached skill level 1 in Evocations
  1679 | D:3      | XOM: god gift: scroll labelled QAGRECEGUY {god gift}
  1704 | D:3      | Found a shimmering altar of Xom.
  1732 | D:3      | XOM: cast spell 'Fugue of the Fallen'
  1751 | D:3      | XOM: fog
  1755 | D:3      | Reached XP level 6. HP: 48/48 MP: 7/7
  1878 | D:3      | Noticed Ijyb
  1883 | D:3      | Ijyb changed into Ijyb the giant cockroach
  1883 | D:3      | Noticed Ijyb
  1883 | D:3      | XOM: polymorph Ijyb -> Ijyb the giant cockroach
  1884 | D:3      | Killed Ijyb the giant cockroach
  1910 | D:3      | XOM: summons 2 friendly demons
  1974 | D:3      | Found a glowing drain.
  1984 | Sewer    | Entered a sewer
  2070 | Sewer    | Found an ancient bone altar of Kikubaaqudgha.
  2087 | Sewer    | Noticed Grinder
  2087 | Sewer    | XOM: summons friendly crimson imp
  2092 | Sewer    | XOM: divination: magic mapping
  2092 | Sewer    | Paralysed by Grinder for 3 turns
  2101 | Sewer    | Killed Grinder
  2102 | Sewer    | Reached XP level 7. HP: 23/54 MP: 9/9
  2469 | D:3      | Found a runed translucent door.
  2470 | D:3      | Noticed Crazy Yiuf
  2892 | D:3      | Killed Crazy Yiuf
  3104 | D:4      | XOM: noise
  3192 | D:4      | Noticed Natasha
  3202 | D:4      | Killed Natasha
  3295 | D:4      | Reached XP level 8. HP: 61/61 MP: 10/10
  3360 | D:4      | XOM: give mutations
  3360 | D:4      | Lost mutation: You possess an exceptional clarity of mind.
                  | [Xom's mischief]
  3360 | D:4      | Gained mutation: Your mind is acute. (Int +4, Str/Dex -1)
                  | [Xom's mischief]
  3360 | D:4      | Gained mutation: You occasionally lose the ability to drink
                  | potions when taking damage. [Xom's mischief]
  3500 | D:5      | Entered Level 5 of the Dungeon
  3549 | D:5      | Identified the +2 leather armour of Resilience {+Blink
                  | rPois Str+2}
  3591 | D:5      | Found a staircase to the Ecumenical Temple.
  3721 | D:5      | Found a sand-covered staircase.
  3745 | Ossuary  | Entered an ossuary
  3792 | Ossuary  | XOM: 1-stop teleportation journey
  3805 | Ossuary  | Reached skill level 5 in Fighting
  3811 | Ossuary  | Reached skill level 5 in Axes
  3822 | Ossuary  | XOM: blink monster(s)
  4115 | Ossuary  | Identified a scroll of acquirement
  4153 | D:5      | XOM: give mutations
  4153 | D:5      | Gained mutation: Your system is resistant to poisons.
                  | (rPois) [Xom's mischief]
  4153 | D:5      | Lost mutation: Your body sometimes deteriorates upon taking
                  | damage. [Xom's mischief]
  4153 | D:5      | Lost mutation: You are covered in fur. (AC +1) [Xom's
                  | mischief]
  4240 | D:5      | Found a broken altar of Ashenzari.
  4364 | D:5      | Identified the +2 pair of gloves of Yrchout {Regen+ Str+3
                  | Stlth+}
  4364 | D:5      | Noticed Sigmund
  4371 | D:5      | XOM: summons friendly rust devil
  4385 | D:5      | Killed Sigmund
  4632 | D:5      | XOM: god gift: amulet of faith
  4702 | D:6      | Reached XP level 9. HP: 54/68 MP: 12/12
  4707 | D:6      | XOM: fake destruction
  4971 | D:6      | Learned a level 2 spell: Cigotuvi's Dreadful Rot
  4974 | D:6      | Learned a level 2 spell: Blink
  4976 | D:6      | Learned a level 1 spell: Magic Dart
  4979 | D:6      | Learned a level 2 spell: Call Imp
  4984 | D:6      | Learned a level 4 spell: Dispel Undead
  5309 | D:6      | XOM: cloud trail
  5455 | D:6      | Noticed Pikel
  5467 | D:6      | XOM: confuse monster(s)
  5479 | D:6      | Killed Pikel
  5480 | D:6      | Reached skill level 5 in Armour
  5607 | D:7      | XOM: cleaving
  5767 | D:7      | Reached skill level 5 in Dodging
  5775 | D:7      | XOM: blink monster(s)
  5786 | D:7      | Reached XP level 10. HP: 76/76 MP: 14/14
  5788 | D:7      | Reached skill level 5 in Evocations
  6039 | D:7      | Found an opulent altar of Gozag.
  6294 | D:7      | Acquired a +1 demon trident of venom
  6623 | D:8      | Reached skill level 1 in Alchemy
  6980 | D:9      | XOM: scenery: 2 doors open, 1 doors close
  7023 | D:9      | Found an ancient bone altar of Kikubaaqudgha.
  7052 | D:9      | XOM: give mutations
  7052 | D:9      | Lost mutation: You are vulnerable to heat. (rF-) [Xom's
                  | grace]
  7052 | D:9      | Gained mutation: Your flesh is heat resistant. (rF+) [Xom's
                  | grace]
  7052 | D:9      | Gained mutation: Your movements are slightly less
                  | encumbered by armour. (ER -2) [Xom's grace]
  7052 | D:9      | Gained mutation: Your mind is very acute. (Int +8, Str/Dex
                  | -2) [Xom's grace]
  7161 | D:9      | Found a flagged portal.
  7181 | Bailey   | Entered a bailey
  7206 | Bailey   | Noticed an orc knight
  7218 | Bailey   | Killed an orc knight
  7219 | Bailey   | Reached XP level 11. HP: 79/84 MP: 16/16
  7251 | Bailey   | XOM: polymorph orc warrior -> kobold
  7295 | Bailey   | XOM: cast spell 'Summon Ice Beast'
  7342 | Bailey   | Acquired a manual of Dodging
  7453 | Bailey   | Noticed an orc knight
  7461 | Bailey   | XOM: destruction
  7464 | Bailey   | XOM: scenery: 2 doors close
  7466 | Bailey   | Killed an orc knight
  7534 | Bailey   | Reached skill level 5 in Polearms
  7570 | Bailey   | Noticed an orc sorcerer
  7579 | Bailey   | Noticed a sun demon
  7581 | Bailey   | Killed an orc sorcerer
  7584 | Bailey   | Found an iron altar of Okawaru.
  7614 | Bailey   | XOM: 2-stop teleportation journey
  7677 | Bailey   | XOM: 1-stop teleportation journey
  7818 | Bailey   | XOM: god gift: Xom's Encyclopedia of Loss {god gift}
  7819 | Bailey   | Got Xom's Encyclopedia of Loss {god gift}
  7979 | D:9      | XOM: scenery: 1 doors close
  8026 | D:9      | Learned a level 3 spell: Tukima's Dance
  8031 | D:9      | Learned a level 4 spell: Martyr's Knell
  8268 | D:10     | Entered Level 10 of the Dungeon
  8283 | D:10     | Found a transporter.
  8285 | D:10     | Found a transporter.
  8295 | D:10     | Found a transporter.
  8347 | D:10     | Found a white marble altar of Elyvilon.
  8389 | D:10     | Noticed Urug
  8402 | D:10     | Killed Urug
  8463 | D:10     | XOM: 2-stop teleportation journey
  8468 | D:10     | Reached skill level 1 in Necromancy
  8506 | D:10     | Noticed Fannar
  8513 | D:10     | Found a transporter.
  8515 | D:10     | Killed Fannar
  8516 | D:10     | Reached skill level 1 in Translocations
  8526 | D:10     | Reached skill level 1 in Summonings
  8535 | D:10     | XOM: divination: detect creatures
  8557 | D:10     | Found a portal to a secret trove of treasure.
  8697 | D:10     | Noticed a two-headed ogre
  8703 | D:10     | Killed a two-headed ogre
  8725 | D:10     | XOM: cloud trail
  8816 | D:10     | XOM: god gift: 933 gold pieces
  8856 | D:11     | Noticed a boulder beetle
  8864 | D:11     | Killed a boulder beetle
  8873 | D:11     | Noticed a skeletal warrior
  8874 | D:11     | Noticed a skeletal warrior
  8876 | D:11     | Noticed a skeletal warrior
  8876 | D:11     | Noticed a skeletal warrior
  8908 | D:10     | XOM: divination: detect items
  8914 | D:10     | Killed a skeletal warrior
  8958 | D:11     | XOM: butterfly on damage
  8961 | D:10     | XOM: confusion
  8970 | D:10     | XOM: smoke on damage
  8973 | D:10     | XOM: cleaving
  8975 | D:10     | Slain by a skeletal warrior

Illustrated notes

Levels and vault maps discovered:
D:1:      dpeg_arrival_rooms_with_view, layout_basic, serial_shops, shop,
          chequers_serial_rivers_small_a
D:2:      layout_basic, serial_shops, shop, basic_altar
D:3:      layout_loops_ring, led_xom_imps, portal_sewer_entry_d,
          hangedman_decor_growths, uniq_ijyb, uniq_crazy_yiuf_cottage
D:4:      layout_basic, serial_library_hellmonk_angled_corner, uniq_natasha
D:5:      layout_basic, mainiacjoe_overflow_alcove_2,
          minmay_temple_entry_offerings, nicolae_ossuary_entry_false_entrances,
          uniq_sigmund
D:6:      layout_gridville, grunt_ministairs_10, uniq_pikel
D:7:      layout_loops_ring, grunt_gozag_statues
D:8:      layout_basic, eino_jars
D:9:      layout_roguey, mainiacjoe_overflow_six_doors_small, enter_bailey_6,
          special_room [special_room_orc]
D:10:     layout_rooms, elyvilon_altar_1, nicolae_trove_entry_crystal,
          nicolae_diode_quadrants, uniq_urug, uniq_fannar
D:11:     nzn_winding_woodlands_medium [nzn_winding_woodlands_5x5_perimeter,
          nzn_winding_woodlands_5x15_concentric,
          nzn_winding_woodlands_5x5_cross, nzn_winding_woodlands_5x5_default,
          nzn_winding_woodlands_center_garden,
          nzn_winding_woodlands_5x5_closed_star,
          nzn_winding_woodlands_5x5_three,
          nzn_winding_woodlands_5x15_pathside_ponds,
          nzn_winding_woodlands_hourglass], layout_rooms,
          erik_lair_orcish_takeover, gauntlet_entry_generic

Skill      XL: |  1  2  3  4  5  6  7  8  9 10 11 |
---------------+----------------------------------+-----
Dodging        | 1 2 3 4 5 7 |  7.4
Armour         | 2 3 4 5 6 |  6.9
Stealth        | 1 2 3 4 |  4.8
Polearms       | 1 2 3 4 5 |  5.6
Spellcasting   | 1 2 3 4 |  4.2
Evocations     | 1 2 3 4 6 |  6.5
Fighting       | 4 5 6 7 |  7.8
Axes           | 4 5 6 7 |  7.8
Alchemy        | 2 3 |  3.2
Necromancy     | 1 |  1.7
Translocations | 1 |  1.7
Summonings     | 1 |  1.4

Action                     |  1- 3 |  4- 6 |  7- 9 | 10-12 || total
---------------------------+-------+-------+-------+-------++-------
  Melee: Dagger            |    50 |    99 |   281 |    35 ||   465
         Hand axe          |    49 |   105 |   288 |   270 ||   712
         Headbutt          |     1 |    13 |    90 |    70 ||   174
         Demon trident     |       |       |       |   268 ||   268
  Evoke: Wand              |       |       |       |    10 ||    10
    Use: Scroll            |     3 |     5 |    12 |    11 ||    31
         Potion            |     5 |       |     6 |     6 ||    17
   Stab: Petrifying        |     3 |       |       |     2 ||     5
         Paralysed         |       |     9 |     7 |       ||    16
         Confused          |       |     1 |     8 |     3 ||    12
         Petrified         |       |       |     6 |     3 ||     9
         Sleeping          |       |       |     7 |    10 ||    17
         Distracted        |       |       |     3 |     1 ||     4
         Held in net/web   |       |       |     1 |       ||     1
 Armour: Leather armour    |    31 |    67 |   158 |   194 ||   450
         Plate armour      |       |       |    30 |       ||    30
  Dodge: Dodged            |    37 |    64 |   169 |   197 ||   467

Table legend: (Time is in decaauts)
 A = Elapsed time spent in this place.
 B = Non-inter-level travel time spent in this place.
 C = Inter-level travel time spent in this place.
 D = Time resting spent in this place.
 E = Time spent auto-exploring this place.
 F = Levels seen in this place.
 G = Mean time per level.
                   A        B        C        D        E       F      G
               +--------+--------+--------+--------+--------+-----+--------+
         Total |   9031 |   8805 |    226 |    474 |   5163 |  14 |  645.1 |
       Dungeon |   7381 |   7155 |    226 |    156 |   4590 |  11 |  671.0 |
         Sewer |    461 |    461 |      0 |      0 |    203 |   1 |  461.0 |
       Ossuary |    395 |    395 |      0 |    211 |     71 |   1 |  395.0 |
        Bailey |    793 |    793 |      0 |    107 |    298 |   1 |  793.0 |
               +--------+--------+--------+--------+--------+-----+--------+

Top non-repeatable levels by time:
     D:3: 1110 daAuts
     D:6: 885 daAuts
     D:2: 819 daAuts
     D:5: 801 daAuts
  Bailey: 793 daAuts
     D:7: 754 daAuts
    D:10: 653 daAuts
     D:1: 639 daAuts
     D:8: 594 daAuts
     D:9: 556 daAuts
     D:4: 531 daAuts
   Sewer: 461 daAuts
 Ossuary: 395 daAuts
    D:11: 35 daAuts
